Login

Riots vs Mariners

Created - March 24, 2024 at 11:54

Goals
1 2 3 T
Riots 0 0 2 2
Mariners 1 0 0 1
Shots
1 2 3 T
Riots 10 9 13 32
Mariners 3 11 8 22

GoalsPenalties
1st period
1. Mariners , Mika Zibanejad 19 (Ricky Cumalot 33, Brandon Montour 23) at 0:42
Brady Skjei (GDA) for Roughing (Minor) at 9:17
Ricky Cumalot (GDA) for Roughing (Minor) at 17:03
2nd period
No Goal
Nikita Zaitsev (GDA) for Hooking (Minor) at 3:06
Max Pacioretty (RIV) for Tripping (Minor) at 12:10
3rd period
2. Riots , Jakob Chychrun 5 (Rasmus Ristolainen 14) at 2:46
3. Riots , Cole Caufield 15 (Velyki Hospador 43) at 19:36 (PP)
Seth Jones (RIV) for Holding (Minor) at 13:32
Christopher Tanev (GDA) for Slashing (Minor) at 17:45
Goalie Stats
Marc-Andre Fleury (RIV), 21 saves from 22 shots - (0.955), W, 28-14-7, 60:00 minutes
Linus Ullmark (GDA), 30 saves from 32 shots - (0.938), L, 26-16-7, 60:00 minutes
3 StarsOfficial
1 - Jakob Chychrun (RIV)
2 - Linus Ullmark (GDA)
3 - Marc-Andre Fleury (RIV)
Referees : Unknown
Linesman : Unknown
Game Note
No Game Note
Finance
Level 1 -- Attendance: 4998 (83.30%) -- Ticket Income $499,800
Level 2 -- Attendance: 4546 (90.92%) -- Ticket Income $250,030
Level 3 -- Attendance: 1826 (91.30%) -- Ticket Income $54,780
Level 4 -- Attendance: 3978 (99.45%) -- Ticket Income $79,560
Luxury Box -- Attendance: 1000 (100.00%) -- Ticket Income $200,000
Game was played at the The Shipyard.
Total Attendance: 16348 (90.82%)
Total Ticket Income: $1,084,170
Other Income: $433,668
Total Income: $1,517,838



Team Name Goals Shots Shots Attemp Shots Blocked PIM HIT PP PK FO%
Riots 23276104151 / 4 (25%)051%
Mariners 12252118230 / 2 (0%)149%

Riots
Player Name POS G A P +/- PIM HIT SHT SB MP PP MP PP SHT PK MP PK SHT FO% FOT
Anders LeeLW0000013118:194:0200:0000% 2
Andreas AthanasiouC/LW/RW0001002012:570:0000:0000% 0
Arber XhekajD000001009:102:5800:0000% 0
Artturi LehkonenLW/RW000-1005021:143:4602:3400% 1
Brandon HagelLW000-1012020:043:4601:24050% 4
Brayden McNabbD0000021415:490:0001:4800% 0
Brendan GallagherRW000000205:500:0000:0000% 0
Cole CaufieldRW1010003018:354:0220:0000% 1
Derek ForbortD0000010115:340:0002:1000% 0
Jakob ChychrunD1010011118:223:4500:0000% 0
Jean-Gabriel PageauC0001010015:410:0002:24040% 25
Kirby DachC000-1001018:503:4600:10030% 20
Lars EllerC/LW000000005:500:0000:00078% 9
Max PaciorettyLW0001222016:183:2910:0000% 0
Noah DobsonD0000001014:540:0000:5300% 0
Rasmus RistolainenD0110011017:280:1802:1000% 0
Seth JonesD0000212225:135:0610:5500% 0
Velyki HospadorC/LW0110036125:524:0221:24072% 29
Mariners
Player Name POS G A P +/- PIM HIT SHT SB MP PP MP PP SHT PK MP PK SHT FO% FOT
Adrian KempeC/LW/RW0000022020:231:2913:51041% 27
Brady SkjeiD000-1213120:542:2913:2300% 0
Brandon MontourD0111031218:572:2911:4100% 0
Christopher TanevD000-1211219:311:2903:2300% 0
Filip ChytilC/LW0000022014:410:0000:000100% 1
James van RiemsdykLW/RW0000000014:410:0000:0000% 0
Jeff SkinnerLW0000002016:321:2910:0000% 0
Jonatan BerggrenC/LW/RW000-100003:150:0000:0000% 0
Logan StanleyD000000000:000:0000:0000% 0
Marc StaalD0000041121:350:0002:4800% 0
Mats ZuccarelloLW/RW0000021016:321:2900:0000% 0
Mika ZibanejadC1010013024:562:2903:57062% 37
Nicholas PaulC/LW000-100004:290:0001:14075% 4
Nikita ZaitsevD0000210014:390:0000:3200% 0
Patrik LaineLW/RW0001001020:432:2902:5900% 2
Ricky CumalotLW/RW0111222020:562:2903:1300% 2
Ryan GravesD0001041524:211:2903:4900% 0
Sean MonahanC0000002015:030:0000:22039% 18

Riots

5 vs 5 Forward
Line #Left WingCenterRight WingPHYDFOFWanted %Time %Time Play
1Anders LeeVelyki HospadorCole Caufield1223030%14:13
2Brandon HagelKirby DachArtturi Lehkonen1222831%14:54
3Max PaciorettyJean-Gabriel PageauAndreas Athanasiou1222627%12:54
4Velyki HospadorLars EllerBrendan Gallagher1221612%5:50
5 vs 5 Defense
Line #DefenseDefensePHYDFOFWanted %Time %Time Play
1Derek ForbortSeth Jones1223027%13:01
2Rasmus RistolainenJakob Chychrun1222831%14:37
3Brayden McNabbNoah Dobson1222629%14:01
4Arber XhekajSeth Jones1221613%6:12
Power Play Forward
Line #Left WingCenterRight WingPHYDFOFWanted %Time %Time Play
1Anders LeeVelyki HospadorCole Caufield1225552%4:02
2Brandon HagelKirby DachArtturi Lehkonen1224548%3:46
Power Play Defense
Line #DefenseDefensePHYDFOFWanted %Time %Time Play
1Seth JonesJakob Chychrun1225555%4:19
2Seth JonesMax Pacioretty1224545%3:29
Penalty Kill 4 Players Forward
Line #CenterWingPHYDFOFWanted %Time %Time Play
1Jean-Gabriel PageauArtturi Lehkonen1225565%2:34
2Velyki HospadorBrandon Hagel1224535%1:24
Penalty Kill 4 Players Defense
Line #DefenseDefensePHYDFOFWanted %Time %Time Play
1Derek ForbortRasmus Ristolainen1225555%2:10
2Seth JonesBrayden McNabb1224545%1:48
Penalty Kill 3 Players
Line #WingPHYDFOFWanted %Time %Time PlayDefenseDefensePHYDFOFWanted %Time %Time Play
1Jean-Gabriel Pageau122550%0:00 Derek ForbortBrayden McNabb122550%0:00
2Lars Eller122450%0:00 Seth JonesJakob Chychrun122450%0:00
4 vs 4 Forward
Line #CenterWingPHYDFOFWanted %Time %Time Play
1Velyki HospadorArtturi Lehkonen122550%0:00
2Cole CaufieldBrandon Hagel122450%0:00
4 vs 4 Defense
Line #DefensePHYDFOFWanted %Time %Time Play
1Max PaciorettyRasmus Ristolainen122550%0:00
2Seth JonesJakob Chychrun122450%0:00
Last Minutes Offensive
Left WingCenterRight WingDefenseDefense
Artturi LehkonenVelyki HospadorCole CaufieldDerek ForbortRasmus Ristolainen
Last Minutes Defensive
Left WingCenterRight WingDefenseDefense
Velyki HospadorJean-Gabriel PageauCole CaufieldDerek ForbortRasmus Ristolainen
Time
Total ForwardTotal DefenseLast Minutes OffensiveLast Minutes Defensive
60:00 60:00 0:000:23
Extra Forwards
Normal PowerPlayPenalty Kill
Jean-Gabriel Pageau, Anders Lee, Max PaciorettyJean-Gabriel Pageau, Artturi LehkonenKirby Dach
Extra Defensemen
Normal PowerPlayPenalty Kill
Arber Xhekaj, Noah Dobson, Brayden McNabbArber Xhekaj, Noah DobsonJakob Chychrun
Penalty Shots
Velyki Hospador, Artturi Lehkonen, Cole Caufield, Brandon Hagel, Kirby Dach
Goalie
Marc-Andre Fleury, Kevin Lankinen
Custom OT Lines Forwards
Velyki Hospador, Artturi Lehkonen, Cole Caufield, Brandon Hagel, Kirby Dach, Jean-Gabriel Pageau, Max Pacioretty, Andreas Athanasiou, Brendan Gallagher, Lars Eller
Custom OT Lines Defensemen
Derek Forbort, Rasmus Ristolainen, Seth Jones, Jakob Chychrun, Arber Xhekaj
Scratches
Rasmus Kupari (Healthy), Jakob Silfverberg (Healthy), Kyle Capobianco (Healthy)

Mariners

5 vs 5 Forward
Line #Left WingCenterRight WingPHYDFOFWanted %Time %Time Play
1Ricky CumalotMika ZibanejadPatrik Laine1223231%14:52
2Jeff SkinnerAdrian KempeMats Zuccarello1223231%15:03
3Filip ChytilSean MonahanJames van Riemsdyk1222831%14:41
4Jonatan BerggrenNicholas PaulMika Zibanejad12287%3:15
5 vs 5 Defense
Line #DefenseDefensePHYDFOFWanted %Time %Time Play
1Ryan GravesBrandon Montour1223030%14:24
2Christopher TanevBrady Skjei1222831%14:40
3Nikita ZaitsevMarc Staal1222628%13:33
4Ryan GravesMarc Staal1221611%5:14
Power Play Forward
Line #Left WingCenterRight WingPHYDFOFWanted %Time %Time Play
1Ricky CumalotMika ZibanejadPatrik Laine1225563%2:29
2Jeff SkinnerAdrian KempeMats Zuccarello1224537%1:29
Power Play Defense
Line #DefenseDefensePHYDFOFWanted %Time %Time Play
1Brandon MontourBrady Skjei1225563%2:29
2Ryan GravesChristopher Tanev1224537%1:29
Penalty Kill 4 Players Forward
Line #CenterWingPHYDFOFWanted %Time %Time Play
1Mika ZibanejadRicky Cumalot1225562%4:49
2Adrian KempePatrik Laine1224538%2:59
Penalty Kill 4 Players Defense
Line #DefenseDefensePHYDFOFWanted %Time %Time Play
1Ryan GravesMarc Staal1225538%2:57
2Brady SkjeiChristopher Tanev1224562%4:51
Penalty Kill 3 Players
Line #WingPHYDFOFWanted %Time %Time PlayDefenseDefensePHYDFOFWanted %Time %Time Play
1Mika Zibanejad131550%0:00 Ryan GravesMarc Staal131550%0:00
2Ricky Cumalot131450%0:00 Brady SkjeiChristopher Tanev131450%0:00
4 vs 4 Forward
Line #CenterWingPHYDFOFWanted %Time %Time Play
1Mika ZibanejadRicky Cumalot122550%0:00
2Adrian KempePatrik Laine122450%0:00
4 vs 4 Defense
Line #DefensePHYDFOFWanted %Time %Time Play
1Ryan GravesMarc Staal122550%0:00
2Brady SkjeiChristopher Tanev122450%0:00
Last Minutes Offensive
Left WingCenterRight WingDefenseDefense
Ricky CumalotMika ZibanejadPatrik LaineBrandon MontourBrady Skjei
Last Minutes Defensive
Left WingCenterRight WingDefenseDefense
Ricky CumalotMika ZibanejadPatrik LaineRyan GravesMarc Staal
Time
Total ForwardTotal DefenseLast Minutes OffensiveLast Minutes Defensive
60:00 60:00 0:230:00
Extra Forwards
Normal PowerPlayPenalty Kill
Sean Monahan, Filip Chytil, Nicholas PaulSean Monahan, Filip ChytilNicholas Paul
Extra Defensemen
Normal PowerPlayPenalty Kill
Ryan Graves, Brady Skjei, Brandon MontourRyan Graves, Brady SkjeiBrandon Montour
Penalty Shots
Mika Zibanejad, Ricky Cumalot, Patrik Laine, Jeff Skinner, Adrian Kempe
Goalie
Linus Ullmark, Anton Forsberg
Custom OT Lines Forwards
Mika Zibanejad, Ricky Cumalot, Patrik Laine, Jeff Skinner, Adrian Kempe, Mats Zuccarello, Sean Monahan, Filip Chytil, Nicholas Paul, James van Riemsdyk
Custom OT Lines Defensemen
Ryan Graves, Marc Staal, Nikita Zaitsev, Christopher Tanev, Brady Skjei
Scratches
Jesper Fast (Healthy), Erik Brannstrom (Healthy)


Play-by-Play

1st period


0:01 of 1st period - Velyki Hospador wins face-off versus Mika Zibanejad in neutral zone.
0:18 of 1st period - Icing by Ryan Graves.
0:19 of 1st period - Mika Zibanejad wins face-off versus Kirby Dach in Mariners zone.
0:42 of 1st period - Shot by Ricky Cumalot.
0:42 of 1st period - Deflect By Mika Zibanejad.
0:42 of 1st period - Goal by Mika Zibanejad - Riots : 0 - Mariners : 1.
0:43 of 1st period - Jean-Gabriel Pageau wins face-off versus Adrian Kempe in neutral zone.
0:50 of 1st period - Brady Skjei is hit by Max Pacioretty and loses puck.
2:02 of 1st period - Icing by Andreas Athanasiou.
2:03 of 1st period - Nicholas Paul wins face-off versus Jean-Gabriel Pageau in Riots zone.
2:16 of 1st period - Shot by Mika Zibanejad.
2:16 of 1st period - Shot Misses the Net.
2:46 of 1st period - Shot by Anders Lee.
2:46 of 1st period - Stopped by Linus Ullmark with a rebound.
2:48 of 1st period - Shot by Cole Caufield.
2:48 of 1st period - Shot Misses the Net.
2:58 of 1st period - Shot by Cole Caufield.
2:58 of 1st period - Deflect By Anders Lee.
2:58 of 1st period - Shot Misses the Net.
3:00 of 1st period - Shot by Derek Forbort.
3:00 of 1st period - Shot Blocked by Brandon Montour.
3:02 of 1st period - Shot by Seth Jones.
3:02 of 1st period - Shot Blocked by Ryan Graves.
3:16 of 1st period - Shot by Artturi Lehkonen.
3:16 of 1st period - Shot Misses the Net.
3:18 of 1st period - Shot by Kirby Dach.
3:18 of 1st period - Shot Misses the Net.
4:25 of 1st period - Sean Monahan is hit by Arber Xhekaj and loses puck.
4:38 of 1st period - Shot by Brendan Gallagher.
4:38 of 1st period - Stopped by Linus Ullmark without a rebound.
4:39 of 1st period - Velyki Hospador wins face-off versus Adrian Kempe in Mariners zone.
4:46 of 1st period - Shot by Velyki Hospador.
4:46 of 1st period - Shot Misses the Net.
5:14 of 1st period - Icing by Christopher Tanev.
5:15 of 1st period - Kirby Dach wins face-off versus Adrian Kempe in Mariners zone.
5:16 of 1st period - Shot by Brandon Hagel.
5:16 of 1st period - Shot Misses the Net.
5:44 of 1st period - Shot by Artturi Lehkonen.
5:44 of 1st period - Shot Misses the Net.
6:02 of 1st period - Shot by Filip Chytil.
6:02 of 1st period - Stopped by Marc-Andre Fleury without a rebound.
6:03 of 1st period - Mika Zibanejad wins face-off versus Jean-Gabriel Pageau in Riots zone.
6:08 of 1st period - Shot by Mika Zibanejad.
6:08 of 1st period - Shot Hit the Post.
6:32 of 1st period - Shot by Ricky Cumalot.
6:32 of 1st period - Shot Misses the Net.
6:45 of 1st period - Filip Chytil is hit by Rasmus Ristolainen and loses puck.
6:58 of 1st period - Shot by Filip Chytil.
6:58 of 1st period - Stopped by Marc-Andre Fleury without a rebound.
6:59 of 1st period - Lars Eller wins face-off versus Adrian Kempe in Riots zone.
7:16 of 1st period - Shot by Jeff Skinner.
7:16 of 1st period - Shot Blocked by Velyki Hospador.
7:53 of 1st period - Icing by Seth Jones.
7:54 of 1st period - Velyki Hospador wins face-off versus Sean Monahan in Riots zone.
8:34 of 1st period - Off-side.
8:35 of 1st period - Mika Zibanejad wins face-off versus Jean-Gabriel Pageau in neutral zone.
8:42 of 1st period - Andreas Athanasiou is hit by Ricky Cumalot and loses puck.
9:17 of 1st period - Minor Penalty to Brady Skjei for Roughing.
9:18 of 1st period - Velyki Hospador wins face-off versus Mika Zibanejad in Mariners zone.
9:26 of 1st period - Icing by Jakob Chychrun.
9:27 of 1st period - Velyki Hospador wins face-off versus Mika Zibanejad in Riots zone.
9:58 of 1st period - Shot by Cole Caufield.
9:58 of 1st period - Stopped by Linus Ullmark with a rebound.
10:00 of 1st period - Shot by Velyki Hospador.
10:00 of 1st period - Stopped by Linus Ullmark without a rebound.
10:01 of 1st period - Adrian Kempe wins face-off versus Kirby Dach in Mariners zone.
10:23 of 1st period - Seth Jones is hit by Adrian Kempe and loses puck.
10:29 of 1st period - Kirby Dach is hit by Christopher Tanev and loses puck.
10:50 of 1st period - Shot by Anders Lee.
10:50 of 1st period - Shot Misses the Net.
10:52 of 1st period - Shot by Jakob Chychrun.
10:52 of 1st period - Shot Blocked by Ryan Graves.
10:58 of 1st period - Shot by Cole Caufield.
10:58 of 1st period - Shot Misses the Net.
11:00 of 1st period - Shot by Velyki Hospador.
11:00 of 1st period - Stopped by Linus Ullmark without a rebound.
11:01 of 1st period - Adrian Kempe wins face-off versus Kirby Dach in Mariners zone.
11:23 of 1st period - Shot by Noah Dobson.
11:23 of 1st period - Stopped by Linus Ullmark without a rebound.
11:24 of 1st period - Lars Eller wins face-off versus Sean Monahan in Mariners zone.
11:24 of 1st period - Lars Eller is hit by Marc Staal.
12:11 of 1st period - Brayden McNabb is hit by Brandon Montour and loses puck.
12:23 of 1st period - Kirby Dach is hit by Brandon Montour and loses puck.
12:33 of 1st period - Artturi Lehkonen is hit by Ryan Graves and loses puck.
12:37 of 1st period - Kirby Dach is hit by Brandon Montour and loses puck.
12:53 of 1st period - Artturi Lehkonen is hit by Ryan Graves.
13:02 of 1st period - Icing by Brandon Montour.
13:03 of 1st period - Adrian Kempe wins face-off versus Jean-Gabriel Pageau in Mariners zone.
13:33 of 1st period - Andreas Athanasiou is hit by Brady Skjei and loses puck.
14:19 of 1st period - Icing by Brayden McNabb.
14:20 of 1st period - Sean Monahan wins face-off versus Velyki Hospador in Riots zone.
14:26 of 1st period - Sean Monahan is hit by Brayden McNabb and loses puck.
14:39 of 1st period - Shot by Cole Caufield.
14:39 of 1st period - Shot Misses the Net.
14:41 of 1st period - Shot by Noah Dobson.
14:41 of 1st period - Shot Misses the Net.
15:04 of 1st period - Icing by Marc Staal.
15:05 of 1st period - Sean Monahan wins face-off versus Kirby Dach in Mariners zone.
15:25 of 1st period - Icing by Derek Forbort.
15:26 of 1st period - Kirby Dach wins face-off versus Mika Zibanejad in Riots zone.
15:26 of 1st period - Kirby Dach is hit by Ricky Cumalot.
15:32 of 1st period - Shot by Artturi Lehkonen.
15:32 of 1st period - Shot Blocked by Christopher Tanev.
15:48 of 1st period - Shot by Brandon Hagel.
15:48 of 1st period - Shot Blocked by Christopher Tanev.
15:50 of 1st period - Shot by Artturi Lehkonen.
15:50 of 1st period - Shot Misses the Net.
15:52 of 1st period - Shot by Seth Jones.
15:52 of 1st period - Stopped by Linus Ullmark without a rebound.
15:53 of 1st period - Adrian Kempe wins face-off versus Velyki Hospador in Mariners zone.
15:59 of 1st period - Mats Zuccarello is hit by Jakob Chychrun and loses puck.
16:14 of 1st period - Shot by Anders Lee.
16:14 of 1st period - Stopped by Linus Ullmark without a rebound.
16:15 of 1st period - Mika Zibanejad wins face-off versus Jean-Gabriel Pageau in Mariners zone.
16:15 of 1st period - Mika Zibanejad is hit by Jean-Gabriel Pageau.
16:22 of 1st period - Off-side.
16:23 of 1st period - Brandon Hagel wins face-off versus Patrik Laine in neutral zone.
16:34 of 1st period - Shot by Brandon Hagel.
16:34 of 1st period - Shot Misses the Net.
16:40 of 1st period - Shot by Artturi Lehkonen.
16:40 of 1st period - Stopped by Linus Ullmark with a rebound.
17:03 of 1st period - Minor Penalty to Ricky Cumalot for Roughing.
17:04 of 1st period - Mika Zibanejad wins face-off versus Velyki Hospador in Mariners zone.
19:01 of 1st period - Shot by Cole Caufield.
19:01 of 1st period - Shot Misses the Net.
19:03 of 1st period - Shot by Jakob Chychrun.
19:03 of 1st period - Shot Misses the Net.
19:05 of 1st period - Shot by Velyki Hospador.
19:05 of 1st period - Deflect By Brendan Gallagher.
19:05 of 1st period - Shot Misses the Net.
19:07 of 1st period - Shot by Brayden McNabb.
19:07 of 1st period - Shot Blocked by Brandon Montour.
19:09 of 1st period - Shot by Brayden McNabb.
19:09 of 1st period - Deflect By Velyki Hospador.
19:09 of 1st period - Stopped by Linus Ullmark without a rebound.
19:10 of 1st period - Lars Eller wins face-off versus Sean Monahan in Mariners zone.
Goals for this period are 0 for Riots vs 1 for Mariners.
Shots for this period are 10 for Riots vs 3 for Mariners.

2nd period


0:01 of 2nd period - Velyki Hospador wins face-off versus Adrian Kempe in neutral zone.
0:33 of 2nd period - Jeff Skinner is hit by Seth Jones and loses puck.
0:36 of 2nd period - Shot by Marc Staal.
0:36 of 2nd period - Stopped by Marc-Andre Fleury without a rebound.
0:37 of 2nd period - Brandon Hagel wins face-off versus Mika Zibanejad in Riots zone.
0:48 of 2nd period - Shot by Artturi Lehkonen.
0:48 of 2nd period - Stopped by Linus Ullmark without a rebound.
0:49 of 2nd period - Jean-Gabriel Pageau wins face-off versus Sean Monahan in Mariners zone.
0:50 of 2nd period - Shot by Max Pacioretty.
0:50 of 2nd period - Deflect By Andreas Athanasiou.
0:50 of 2nd period - Stopped by Linus Ullmark without a rebound.
0:51 of 2nd period - Mika Zibanejad wins face-off versus Jean-Gabriel Pageau in Mariners zone.
1:06 of 2nd period - Shot by Mika Zibanejad.
1:06 of 2nd period - Shot Blocked by Seth Jones.
1:16 of 2nd period - Jean-Gabriel Pageau is hit by Mika Zibanejad and loses puck.
1:21 of 2nd period - Shot by Ricky Cumalot.
1:21 of 2nd period - Shot Misses the Net.
2:01 of 2nd period - Off-side.
2:02 of 2nd period - Kirby Dach wins face-off versus Adrian Kempe in neutral zone.
2:15 of 2nd period - Shot by Artturi Lehkonen.
2:15 of 2nd period - Stopped by Linus Ullmark without a rebound.
2:16 of 2nd period - Velyki Hospador wins face-off versus Sean Monahan in Mariners zone.
2:50 of 2nd period - Icing by Jakob Chychrun.
2:51 of 2nd period - Velyki Hospador wins face-off versus Adrian Kempe in Riots zone.
3:06 of 2nd period - Minor Penalty to Nikita Zaitsev for Hooking.
3:07 of 2nd period - Mika Zibanejad wins face-off versus Kirby Dach in Mariners zone.
3:24 of 2nd period - Shot by Artturi Lehkonen.
3:24 of 2nd period - Shot Hit the Post.
3:26 of 2nd period - Shot by Brandon Hagel.
3:26 of 2nd period - Shot Blocked by Brady Skjei.
3:28 of 2nd period - Shot by Brandon Hagel.
3:28 of 2nd period - Shot Misses the Net.
3:30 of 2nd period - Shot by Artturi Lehkonen.
3:30 of 2nd period - Deflect By Kirby Dach.
3:30 of 2nd period - Shot Misses the Net.
3:32 of 2nd period - Shot by Max Pacioretty.
3:32 of 2nd period - Stopped by Linus Ullmark without a rebound.
3:33 of 2nd period - Velyki Hospador wins face-off versus Adrian Kempe in Mariners zone.
3:58 of 2nd period - Icing by Velyki Hospador.
3:59 of 2nd period - Adrian Kempe wins face-off versus Anders Lee in Riots zone.
4:49 of 2nd period - Off-side.
4:50 of 2nd period - Mika Zibanejad wins face-off versus Kirby Dach in neutral zone.
4:59 of 2nd period - Shot by Seth Jones.
4:59 of 2nd period - Stopped by Linus Ullmark without a rebound.
5:00 of 2nd period - Mika Zibanejad wins face-off versus Velyki Hospador in Mariners zone.
5:17 of 2nd period - Shot by Velyki Hospador.
5:17 of 2nd period - Shot Misses the Net.
5:32 of 2nd period - Icing by James van Riemsdyk.
5:33 of 2nd period - Kirby Dach wins face-off versus Sean Monahan in Mariners zone.
6:17 of 2nd period - Seth Jones is hit by Mats Zuccarello and loses puck.
6:36 of 2nd period - Shot by Christopher Tanev.
6:36 of 2nd period - Stopped by Marc-Andre Fleury without a rebound.
6:37 of 2nd period - Mika Zibanejad wins face-off versus Velyki Hospador in Riots zone.
6:50 of 2nd period - Shot by Ricky Cumalot.
6:50 of 2nd period - Stopped by Marc-Andre Fleury without a rebound.
6:51 of 2nd period - Nicholas Paul wins face-off versus Jean-Gabriel Pageau in Riots zone.
7:03 of 2nd period - Icing by Noah Dobson.
7:04 of 2nd period - Jean-Gabriel Pageau wins face-off versus Adrian Kempe in Riots zone.
7:22 of 2nd period - Shot by Adrian Kempe.
7:22 of 2nd period - Stopped by Marc-Andre Fleury without a rebound.
7:23 of 2nd period - Velyki Hospador wins face-off versus Mika Zibanejad in Riots zone.
7:46 of 2nd period - Icing by Christopher Tanev.
7:47 of 2nd period - Mika Zibanejad wins face-off versus Kirby Dach in Mariners zone.
7:56 of 2nd period - Shot by Patrik Laine.
7:56 of 2nd period - Shot Blocked by Derek Forbort.
7:58 of 2nd period - Shot by Brady Skjei.
7:58 of 2nd period - Stopped by Marc-Andre Fleury with a rebound.
9:07 of 2nd period - Shot by Cole Caufield.
9:07 of 2nd period - Shot Misses the Net.
9:26 of 2nd period - Max Pacioretty is hit by Ryan Graves and loses puck.
9:37 of 2nd period - Shot by Andreas Athanasiou.
9:37 of 2nd period - Shot Blocked by Ryan Graves.
9:39 of 2nd period - Shot by Jean-Gabriel Pageau.
9:39 of 2nd period - Shot Misses the Net.
9:46 of 2nd period - Jean-Gabriel Pageau is hit by Marc Staal and loses puck.
9:50 of 2nd period - Jean-Gabriel Pageau is hit by Marc Staal and loses puck.
10:18 of 2nd period - Icing by Seth Jones.
10:19 of 2nd period - Mika Zibanejad wins face-off versus Kirby Dach in Riots zone.
11:17 of 2nd period - Shot by Cole Caufield.
11:17 of 2nd period - Stopped by Linus Ullmark without a rebound.
11:18 of 2nd period - Sean Monahan wins face-off versus Lars Eller in Mariners zone.
11:29 of 2nd period - Shot by Nikita Zaitsev.
11:29 of 2nd period - Shot Blocked by Brayden McNabb.
11:52 of 2nd period - Icing by Brayden McNabb.
11:53 of 2nd period - Lars Eller wins face-off versus Nicholas Paul in Riots zone.
11:57 of 2nd period - Off-side.
11:58 of 2nd period - Nicholas Paul wins face-off versus Jean-Gabriel Pageau in neutral zone.
12:10 of 2nd period - Minor Penalty to Max Pacioretty for Tripping.
12:11 of 2nd period - Jean-Gabriel Pageau wins face-off versus Mika Zibanejad in Riots zone.
12:33 of 2nd period - Shot by Brady Skjei.
12:33 of 2nd period - Stopped by Marc-Andre Fleury without a rebound.
12:34 of 2nd period - Adrian Kempe wins face-off versus Jean-Gabriel Pageau in Riots zone.
13:01 of 2nd period - Shot by Adrian Kempe.
13:01 of 2nd period - Stopped by Marc-Andre Fleury without a rebound.
13:02 of 2nd period - Velyki Hospador wins face-off versus Mika Zibanejad in Riots zone.
13:12 of 2nd period - Icing by Ricky Cumalot.
13:13 of 2nd period - Jean-Gabriel Pageau wins face-off versus Patrik Laine in Mariners zone.
13:42 of 2nd period - Shot by Brandon Montour.
13:42 of 2nd period - Stopped by Marc-Andre Fleury without a rebound.
13:43 of 2nd period - Velyki Hospador wins face-off versus Adrian Kempe in Riots zone.
14:07 of 2nd period - Icing by Adrian Kempe.
14:08 of 2nd period - Velyki Hospador wins face-off versus Adrian Kempe in Mariners zone.
14:11 of 2nd period - Shot by Brandon Hagel.
14:11 of 2nd period - Stopped by Linus Ullmark without a rebound.
14:12 of 2nd period - Velyki Hospador wins face-off versus Sean Monahan in Mariners zone.
14:40 of 2nd period - Shot by Sean Monahan.
14:40 of 2nd period - Stopped by Marc-Andre Fleury with a rebound.
15:04 of 2nd period - Shot by Ricky Cumalot.
15:04 of 2nd period - Shot Misses the Net.
15:18 of 2nd period - Shot by Ricky Cumalot.
15:18 of 2nd period - Shot Blocked by Seth Jones.
16:18 of 2nd period - Jeff Skinner is hit by Brandon Hagel.
16:42 of 2nd period - Shot by Kirby Dach.
16:42 of 2nd period - Stopped by Linus Ullmark without a rebound.
16:43 of 2nd period - Lars Eller wins face-off versus Sean Monahan in Mariners zone.
17:01 of 2nd period - Velyki Hospador is hit by Nikita Zaitsev and loses puck.
17:39 of 2nd period - Shot by Artturi Lehkonen.
17:39 of 2nd period - Deflect By Brandon Hagel.
17:39 of 2nd period - Shot Blocked by Marc Staal.
17:41 of 2nd period - Shot by Jakob Chychrun.
17:41 of 2nd period - Shot Misses the Net.
17:43 of 2nd period - Shot by Jakob Chychrun.
17:43 of 2nd period - Shot Misses the Net.
18:05 of 2nd period - Andreas Athanasiou is hit by Filip Chytil and loses puck.
18:21 of 2nd period - Shot by Ricky Cumalot.
18:21 of 2nd period - Shot Blocked by Brayden McNabb.
18:23 of 2nd period - Shot by Ricky Cumalot.
18:23 of 2nd period - Shot Misses the Net.
18:50 of 2nd period - Shot by Mika Zibanejad.
18:50 of 2nd period - Shot Blocked by Brayden McNabb.
18:52 of 2nd period - Shot by Ricky Cumalot.
18:52 of 2nd period - Shot Blocked by Brayden McNabb.
18:54 of 2nd period - Shot by Ryan Graves.
18:54 of 2nd period - Stopped by Marc-Andre Fleury without a rebound.
18:55 of 2nd period - Velyki Hospador wins face-off versus Adrian Kempe in Riots zone.
19:30 of 2nd period - Shot by Jeff Skinner.
19:30 of 2nd period - Stopped by Marc-Andre Fleury with a rebound.
19:58 of 2nd period - Shot by Artturi Lehkonen.
19:58 of 2nd period - Stopped by Linus Ullmark without a rebound.
19:59 of 2nd period - Mika Zibanejad wins face-off versus Brandon Hagel in Mariners zone.
Goals for this period are 0 for Riots vs 0 for Mariners.
Shots for this period are 9 for Riots vs 11 for Mariners.

3rd period


0:01 of 3rd period - Mika Zibanejad wins face-off versus Velyki Hospador in neutral zone.
0:38 of 3rd period - Shot by Velyki Hospador.
0:38 of 3rd period - Shot Misses the Net.
1:10 of 3rd period - Shot by Jeff Skinner.
1:10 of 3rd period - Deflect By Mats Zuccarello.
1:10 of 3rd period - Stopped by Marc-Andre Fleury with a rebound.
1:12 of 3rd period - Shot by Adrian Kempe.
1:12 of 3rd period - Shot Misses the Net.
1:14 of 3rd period - Shot by Adrian Kempe.
1:14 of 3rd period - Shot Misses the Net.
1:16 of 3rd period - Shot by Adrian Kempe.
1:16 of 3rd period - Shot Misses the Net.
1:18 of 3rd period - Shot by Christopher Tanev.
1:18 of 3rd period - Shot Misses the Net.
1:20 of 3rd period - Shot by Brady Skjei.
1:20 of 3rd period - Stopped by Marc-Andre Fleury without a rebound.
1:21 of 3rd period - Sean Monahan wins face-off versus Kirby Dach in Riots zone.
1:42 of 3rd period - Shot by Sean Monahan.
1:42 of 3rd period - Shot Misses the Net.
1:50 of 3rd period - Shot by James van Riemsdyk.
1:50 of 3rd period - Shot Misses the Net.
2:46 of 3rd period - Shot by Jakob Chychrun.
2:46 of 3rd period - Goal by Jakob Chychrun - Riots : 1 - Mariners : 1.
2:47 of 3rd period - Adrian Kempe wins face-off versus Velyki Hospador in neutral zone.
2:47 of 3rd period - Mats Zuccarello is hit by Anders Lee and loses puck.
2:55 of 3rd period - Velyki Hospador is hit by Marc Staal and loses puck.
3:57 of 3rd period - Icing by Noah Dobson.
3:58 of 3rd period - Mika Zibanejad wins face-off versus Kirby Dach in Riots zone.
4:19 of 3rd period - Shot by Artturi Lehkonen.
4:19 of 3rd period - Shot Misses the Net.
4:21 of 3rd period - Shot by Brayden McNabb.
4:21 of 3rd period - Stopped by Linus Ullmark with a rebound.
4:23 of 3rd period - Shot by Brandon Hagel.
4:23 of 3rd period - Stopped by Linus Ullmark without a rebound.
4:24 of 3rd period - Filip Chytil wins face-off versus Jean-Gabriel Pageau in Mariners zone.
4:24 of 3rd period - Ryan Graves is hit by Max Pacioretty and loses puck.
4:52 of 3rd period - Shot by Max Pacioretty.
4:52 of 3rd period - Stopped by Linus Ullmark without a rebound.
4:53 of 3rd period - Mika Zibanejad wins face-off versus Velyki Hospador in Mariners zone.
5:10 of 3rd period - Nikita Zaitsev is hit by Velyki Hospador and loses puck.
5:48 of 3rd period - Off-side.
5:49 of 3rd period - Jean-Gabriel Pageau wins face-off versus Adrian Kempe in neutral zone.
6:07 of 3rd period - Jakob Chychrun is hit by Mats Zuccarello and loses puck.
6:29 of 3rd period - Andreas Athanasiou is hit by Ryan Graves.
6:44 of 3rd period - Icing by Noah Dobson.
6:45 of 3rd period - Sean Monahan wins face-off versus Kirby Dach in Riots zone.
7:06 of 3rd period - Shot by Artturi Lehkonen.
7:06 of 3rd period - Stopped by Linus Ullmark without a rebound.
7:07 of 3rd period - Mika Zibanejad wins face-off versus Anders Lee in Mariners zone.
7:22 of 3rd period - Shot by Ricky Cumalot.
7:22 of 3rd period - Shot Blocked by Anders Lee.
7:30 of 3rd period - Shot by Mika Zibanejad.
7:30 of 3rd period - Shot Misses the Net.
7:38 of 3rd period - Shot by Ricky Cumalot.
7:38 of 3rd period - Stopped by Marc-Andre Fleury without a rebound.
7:39 of 3rd period - Kirby Dach wins face-off versus Sean Monahan in Riots zone.
7:51 of 3rd period - Icing by Ryan Graves.
7:52 of 3rd period - Sean Monahan wins face-off versus Jean-Gabriel Pageau in Mariners zone.
8:07 of 3rd period - Shot by Sean Monahan.
8:07 of 3rd period - Shot Misses the Net.
8:13 of 3rd period - Shot by James van Riemsdyk.
8:13 of 3rd period - Deflect By Sean Monahan.
8:13 of 3rd period - Stopped by Marc-Andre Fleury without a rebound.
8:14 of 3rd period - Velyki Hospador wins face-off versus Adrian Kempe in Riots zone.
8:18 of 3rd period - Off-side.
8:19 of 3rd period - Velyki Hospador wins face-off versus Mika Zibanejad in neutral zone.
8:30 of 3rd period - Shot by Cole Caufield.
8:30 of 3rd period - Shot Misses the Net.
8:32 of 3rd period - Shot by Velyki Hospador.
8:32 of 3rd period - Deflect By Anders Lee.
8:32 of 3rd period - Stopped by Linus Ullmark without a rebound.
8:33 of 3rd period - Adrian Kempe wins face-off versus Kirby Dach in Mariners zone.
9:11 of 3rd period - Icing by Jakob Chychrun.
9:12 of 3rd period - Mika Zibanejad wins face-off versus Kirby Dach in Riots zone.
9:19 of 3rd period - Shot by Mika Zibanejad.
9:19 of 3rd period - Shot Blocked by Jakob Chychrun.
9:49 of 3rd period - Shot by Patrik Laine.
9:49 of 3rd period - Deflect By Mika Zibanejad.
9:49 of 3rd period - Stopped by Marc-Andre Fleury without a rebound.
9:50 of 3rd period - Sean Monahan wins face-off versus Jean-Gabriel Pageau in Riots zone.
9:59 of 3rd period - Shot by Andreas Athanasiou.
9:59 of 3rd period - Stopped by Linus Ullmark without a rebound.
10:00 of 3rd period - Adrian Kempe wins face-off versus Lars Eller in Mariners zone.
10:04 of 3rd period - Icing by Brandon Montour.
10:05 of 3rd period - Lars Eller wins face-off versus Adrian Kempe in Mariners zone.
10:10 of 3rd period - Shot by Velyki Hospador.
10:10 of 3rd period - Stopped by Linus Ullmark without a rebound.
10:11 of 3rd period - Adrian Kempe wins face-off versus Cole Caufield in Mariners zone.
10:11 of 3rd period - Adrian Kempe is hit by Velyki Hospador.
10:23 of 3rd period - Shot by Mats Zuccarello.
10:23 of 3rd period - Shot Misses the Net.
10:28 of 3rd period - Adrian Kempe is hit by Derek Forbort.
10:36 of 3rd period - Shot by Mats Zuccarello.
10:36 of 3rd period - Shot Misses the Net.
10:53 of 3rd period - Icing by Derek Forbort.
10:54 of 3rd period - Velyki Hospador wins face-off versus Mika Zibanejad in Riots zone.
11:08 of 3rd period - Icing by Christopher Tanev.
11:09 of 3rd period - Mika Zibanejad wins face-off versus Jean-Gabriel Pageau in Mariners zone.
11:16 of 3rd period - Shot by Patrik Laine.
11:16 of 3rd period - Stopped by Marc-Andre Fleury without a rebound.
11:17 of 3rd period - Kirby Dach wins face-off versus Sean Monahan in Riots zone.
11:28 of 3rd period - Shot by Artturi Lehkonen.
11:28 of 3rd period - Shot Blocked by Ryan Graves.
11:32 of 3rd period - Shot by Artturi Lehkonen.
11:32 of 3rd period - Shot Misses the Net.
11:44 of 3rd period - Shot by Kirby Dach.
11:44 of 3rd period - Shot Misses the Net.
11:46 of 3rd period - Shot by Rasmus Ristolainen.
11:46 of 3rd period - Shot Blocked by Ryan Graves.
11:48 of 3rd period - Shot by Rasmus Ristolainen.
11:48 of 3rd period - Stopped by Linus Ullmark without a rebound.
11:49 of 3rd period - Lars Eller wins face-off versus Mika Zibanejad in Mariners zone.
12:02 of 3rd period - Shot by Brendan Gallagher.
12:02 of 3rd period - Stopped by Linus Ullmark with a rebound.
12:18 of 3rd period - Shot by Velyki Hospador.
12:18 of 3rd period - Stopped by Linus Ullmark without a rebound.
12:19 of 3rd period - Jean-Gabriel Pageau wins face-off versus Adrian Kempe in Mariners zone.
12:26 of 3rd period - Shot by Noah Dobson.
12:26 of 3rd period - Shot Misses the Net.
12:28 of 3rd period - Shot by Max Pacioretty.
12:28 of 3rd period - Shot Hit the Post.
12:44 of 3rd period - Max Pacioretty is hit by Adrian Kempe and loses puck.
13:08 of 3rd period - Icing by Brayden McNabb.
13:09 of 3rd period - Mika Zibanejad wins face-off versus Jean-Gabriel Pageau in Riots zone.
13:09 of 3rd period - Mika Zibanejad is hit by Brayden McNabb.
13:19 of 3rd period - Shot by Mika Zibanejad.
13:19 of 3rd period - Stopped by Marc-Andre Fleury without a rebound.
13:20 of 3rd period - Velyki Hospador wins face-off versus Sean Monahan in Riots zone.
13:20 of 3rd period - Velyki Hospador is hit by Filip Chytil.
13:32 of 3rd period - Minor Penalty to Seth Jones for Holding.
13:33 of 3rd period - Mika Zibanejad wins face-off versus Artturi Lehkonen in Riots zone.
14:11 of 3rd period - Icing by Mika Zibanejad.
14:12 of 3rd period - Mika Zibanejad wins face-off versus Brandon Hagel in Mariners zone.
14:25 of 3rd period - Shot by Brady Skjei.
14:25 of 3rd period - Shot Misses the Net.
14:45 of 3rd period - Icing by Christopher Tanev.
14:46 of 3rd period - Adrian Kempe wins face-off versus Jean-Gabriel Pageau in Mariners zone.
15:03 of 3rd period - Shot by Jeff Skinner.
15:03 of 3rd period - Stopped by Marc-Andre Fleury without a rebound.
15:04 of 3rd period - Velyki Hospador wins face-off versus Mika Zibanejad in Riots zone.
15:17 of 3rd period - Shot by Mika Zibanejad.
15:17 of 3rd period - Shot Misses the Net.
15:21 of 3rd period - Shot by Mika Zibanejad.
15:21 of 3rd period - Shot Misses the Net.
17:14 of 3rd period - Icing by Artturi Lehkonen.
17:15 of 3rd period - Mika Zibanejad wins face-off versus Kirby Dach in Riots zone.
17:22 of 3rd period - Shot by Patrik Laine.
17:22 of 3rd period - Deflect By Ricky Cumalot.
17:22 of 3rd period - Shot Misses the Net.
17:45 of 3rd period - Minor Penalty to Christopher Tanev for Slashing.
17:46 of 3rd period - Velyki Hospador wins face-off versus Mika Zibanejad in Mariners zone.
17:53 of 3rd period - Shot by Cole Caufield.
17:53 of 3rd period - Shot Misses the Net.
18:09 of 3rd period - Adrian Kempe is hit by Velyki Hospador and loses puck.
18:52 of 3rd period - Shot by Brandon Hagel.
18:52 of 3rd period - Shot Misses the Net.
19:36 of 3rd period - Shot by Cole Caufield.
19:36 of 3rd period - Goal by Cole Caufield - Riots : 2 - Mariners : 1.
19:37 of 3rd period - Jean-Gabriel Pageau wins face-off versus Mika Zibanejad in neutral zone.
19:39 of 3rd period - Off-side.
19:40 of 3rd period - Jean-Gabriel Pageau wins face-off versus Ricky Cumalot in neutral zone.
19:42 of 3rd period - Off-side.
19:43 of 3rd period - Jean-Gabriel Pageau wins face-off versus Ricky Cumalot in neutral zone.
19:52 of 3rd period - Shot by Velyki Hospador.
19:52 of 3rd period - Stopped by Linus Ullmark with a rebound.
Goals for this period are 2 for Riots vs 0 for Mariners.
Shots for this period are 13 for Riots vs 8 for Mariners.